 Dungeon Sprint DCSS version 0.18.1-50-g88ac8fd (webtiles) character file.

945 Kagutsuchi the Fighter (level 7, -9/66 HPs)
             Began as a Black Draconian Berserker on Oct 21, 2016.
             Was a Priest of Trog.
             Mangled by a crocodile (17 damage)
             ... in the Dungeon (Sprint II: "The Violet Keep of Menkaure").
             The game lasted 00:02:29 (309 turns).

Kagutsuchi the Fighter (Black Draconian Berserker)   Turns: 309, Time: 00:02:30

Health: -9/66      AC:  6    Str: 20    XL:     7   Next: 89%
Magic:  7/7        EV: 17    Int:  7    God:    Trog [***...]
Gold:   729        SH:  0    Dex: 12    Spells: 0 memorised, 6 levels left

rFire  . . .     SeeInvis .     a - +0 falchion
rCold  . . .     Gourm    .     (armour unavailable)
rNeg   . . .     Faith    .     (no shield)
rPois  .         Spirit   .     (helmet restricted)
rElec  +         Dismiss  .     (no cloak)
rCorr  .         Reflect  .     (no gloves)
SustAt .         Harm     .     (no boots)
MR     .....     NoTele   +     (no amulet)
Stlth  +.........               (no ring)
                                (no ring)

@: very slightly contaminated, hasted, very quick, not resistant to hostile
enchantments, very unstealthy
A: breathe lightning, unfitting armour, frail 1, electricity resistance,
cold-blooded, subdued magic 1, AC +6
a: Breathe Lightning, Berserk, Trog's Hand, Burn Spellbooks, Renounce Religion


You were in the Dungeon.
You worshipped Trog.
Trog was most pleased with you.
You were full.

You visited 1 branch You collected 729 gold pieces.

Inventory:

Hand Weapons
 a - a +0 falchion (weapon)
Scrolls
 h - a scroll of blinking
Potions
 f - 2 potions of magic
 g - a potion of berserk rage


   Skills:
 + Level 11.1 Fighting
 + Level 10.4 Long Blades
 + Level 9.9 Dodging


You had 6 spell levels left.
You didn't know any spells.

Dungeon Overview and Level Annotations

Branches:
Dungeon (1/1)

Altars:


Innate Abilities, Weirdness & Mutations

You can breathe wild blasts of lightning.
Your glossy black scales are hard (AC +6).
Your body does not fit into most forms of armour.
You are resistant to electric shocks.
You are cold-blooded and may be slowed by cold attacks.
You are frail (-10% HP).
Your spells are a little easier to cast, but a little less powerful.


Message History

You finish eating.
That bread ration really hit the spot!
As you open the door, it creaks loudly!
There is an open door here.
A crocodile comes into view.
You hit the crocodile.
The crocodile is lightly wounded.
The crocodile bites you!
* * * LOW HITPOINT WARNING * * *
You closely miss the crocodile.
You tail-slap the crocodile, but do no damage.
The crocodile is lightly wounded.
You slash the crocodile!
The crocodile is heavily wounded.
The crocodile barely misses you.
You hit the crocodile.
The crocodile is heavily wounded.
You slash the crocodile!
The crocodile is severely wounded.
The crocodile bites you!
You die...

####+ ##§§§§
##§§§§§ +§§§§≈8
§§§§§ §§§
≈≈#+++#+++##
≈≈....t@...#
≈≈≈.##+##..# ≈ ##.
.##.####
#..#..#....# #
#.÷÷####..## ##.
##÷###.##..#
#..B##.##†.##..#
#+.<.'##.'..#
#.B.##.##†.##....#


You could see an ice statue and a crocodile.

Vanquished Creatures
  4 neqoxecs (D)
  4 necrophages (D)
  4 worker ants (D)
12 creatures vanquished.

Vanquished Creatures (others)
  Menkaure (D)
  A crocodile (D)
2 creatures vanquished.

Grand Total: 14 creatures vanquished

Notes
Turn   | Place    | Note
--------------------------------------------------------------
     0 | D        | Kagutsuchi the Draconian Berserker began the quest for the Orb.
     0 | D        | Reached XP level 1. HP: 19/19 MP: 1/1
     1 | D        | Noticed a necrophage
     1 | D        | Noticed a necrophage
     1 | D        | Noticed a necrophage
     1 | D        | Noticed a necrophage
     9 | D        | Killed a necrophage
     9 | D        | Reached skill level 6 in Fighting
     9 | D        | Reached skill level 5 in Long Blades
     9 | D        | Reached skill level 5 in Dodging
     9 | D        | Reached XP level 2. HP: 31/31 MP: 2/2
     9 | D        | Reached XP level 3. HP: 38/38 MP: 3/3
     9 | D        | Reached XP level 4. HP: 45/45 MP: 4/4
    13 | D        | Killed a necrophage
    13 | D        | Reached skill level 7 in Fighting
    13 | D        | Reached XP level 5. HP: 52/52 MP: 5/5
    21 | D        | Killed a necrophage
    21 | D        | Reached skill level 8 in Fighting
    31 | D        | Killed a necrophage
    31 | D        | Reached skill level 9 in Fighting
    31 | D        | Reached XP level 6. HP: 32/60 MP: 6/6
    41 | D        | Noticed a boulder beetle
    41 | D        | Noticed a boulder beetle
    45 | D        | Noticed a neqoxec
    45 | D        | Noticed a neqoxec
    45 | D        | Noticed a neqoxec
    45 | D        | Noticed a neqoxec
    52 | D        | Gained mutation: You are frail (-10% HP). [a neqoxec]
    54 | D        | Killed a neqoxec
    58 | D        | Gained mutation: Your spells are a little easier to cast, but a little less powerful. [a neqoxec]
    59 | D        | Killed a neqoxec
    59 | D        | Reached skill level 10 in Fighting
    59 | D        | Your scales start taking on a glossy black colour.
    59 | D        | Reached XP level 7. HP: 65/65 MP: 7/7
    59 | D        | Gained mutation: You are resistant to electric shocks. [Black Draconian growth]
    59 | D        | Killed Menkaure
    69 | D        | Killed a neqoxec
    69 | D        | Reached ** piety under Trog
    69 | D        | Reached skill level 10 in Long Blades
    78 | D        | Killed a neqoxec
    78 | D        | Reached skill level 11 in Fighting
   261 | D        | Reached *** piety under Trog
   304 | D        | Noticed an ice statue
   309 | D        | Mangled by a crocodile

Skill      XL: |  1  2  3  4  5  6  7 |
---------------+----------------------+-----
Fighting       | 6 7 9 10 11 | 11.1
Long Blades    | 5 7 8 9 10 | 10.4
Dodging        | 5 6 7 8 9 |  9.9

Action                   |  1- 3 |  4- 6 |  7- 9 || total
-------------------------+-------+-------+-------++-------
Melee: Falchion          |     7 |    31 |    56 ||    94
       Tailslap          |     2 |     6 |     9 ||    17
Invok: Berserk           |     1 |     1 |       ||     2
  Use: Potion            |       |     1 |     2 ||     3
  Eat: Bread ration      |       |       |     1 ||     1
Armor: Skin              |       |     5 |    12 ||    17
Dodge: Dodged            |     2 |    25 |    65 ||    92
